Map: Stargazers

Players

Future - Winner!

  • Race: Terran Terran
  • Spawn Location: 1:00

DnS

  • Race: Protoss Protoss
  • Spawn Location: 11:00

Event: DreamHack SC2 Masters 2022 Atlanta (Offline)

VOD

Have the link to the VOD?

Description

Time

  • Played on: Nov. 18, 2022, 1:24 p.m.
  • Length: 8:11

All games in this series

Show
View Real Time Build Order
Export as new Build Order

Future Terran - Winner!

Build Orders: Command Center First (CC) 

Get SALT Encoding   

  12  0:00  SCV  
  13  0:12  SCV  
  14  0:17  Supply Depot  
  14  0:24  SCV  
  15  0:38  SCV  
  16  0:50  SCV  
  17  1:00  Command Center  
  18  1:04  SCV  
  18  1:16  SCV  
  19  1:21  Barracks  
  19  1:28  SCV  
  20  1:33  Barracks  
  20  1:40  SCV  
  20  1:46  Barracks  
  21  1:52  SCV  
  22  2:08  Orbital Command, Marine  
  23  2:11  Orbital Command  
  23  2:20  Marine  
  23  2:21  Bunker  
  24  2:25  Marine  
  25  2:33  SCV  
  25  2:34  Marine  
  27  2:37  Marine  
  27  2:41  Bunker  
  27  2:43  Marine  
  29  2:48  Supply Depot  
  29  2:51  SCV, Marine  
  30  2:55  Supply Depot  
  30  2:57  Marine  
  32  3:01  Marine  
  32  3:03  SCV  
  34  3:06  Refinery  
  34  3:07  Refinery  
  34  3:09  Marine  
  35  3:15  SCV  
  36  3:22  Marine x2  
  37  3:27  SCV  
  37  3:30  Orbital Command  
  37  3:33  Marine  
  39  3:35  Supply Depot  
  39  3:39  SCV  
  39  3:40  Marine x2  
  42  3:51  SCV  
  42  3:54  Barracks Tech Lab  
  43  3:56  SCV  
  43  3:59  Barracks Reactor  
  43  4:01  Barracks Tech Lab  
  44  4:03  SCV  
  44  4:06  Supply Depot  
  44  4:08  SCV, Bunker  
  44  4:09  Barracks  
  46  4:15  SCV, Marine  
  48  4:17  Stimpack  
  48  4:20  SCV  
  48  4:22  Engineering Bay  
  48  4:24  Supply Depot  
  49  4:27  SCV, Combat Shield  
  51  4:32  SCV  
  51  4:35  Marauder  
  51  4:36  Marauder  
  55  4:38  Marine  
  55  4:39  Marine  
  55  4:40  SCV  
  55  4:44  SCV  
  59  4:52  Barracks, SCV  
  60  4:54  Terran Infantry Weapons Level 1  
  60  4:56  SCV  
  60  4:58  Missile Turret  
  61  5:02  Missile Turret  
  61  5:10  SCV x2  
  61  5:13  Factory  
  63  5:14  Marine x2  
  63  5:17  Refinery  
  63  5:20  Refinery  
  65  5:22  Barracks Reactor, SCV x2  
  65  5:27  Supply Depot  
  67  5:30  Supply Depot  
  67  5:32  Marauder  
  67  5:34  Marauder  
  71  5:38  SCV  
  71  5:42  Marine  
  70  5:43  Marine  
  72  5:51  Barracks Tech Lab  
  72  5:53  Marauder  
  72  5:55  SCV  
  76  5:57  Supply Depot, Marauder  
  76  6:00  Marine  
  77  6:06  Supply Depot  
  77  6:07  Marine x3  
  77  6:09  Marine  
  77  6:12  Factory Reactor  
  77  6:16  Starport  
  77  6:18  Marauder, Marine x2  
  78  6:25  Marine x2  
  78  6:28  Marauder  
  78  6:30  Marine  
  79  6:37  Marauder, Marine  
  79  6:39  Marauder  
  83  6:43  Marine  
  83  6:47  Supply Depot x2  
  83  6:48  Marine  
  83  6:49  Concussive Shells, Marauder, Marine  
  87  6:56  Marine  
  87  6:57  Medivac, Factory Reactor  
  87  6:58  Medivac, Marauder  
  94  7:06  Marine  
  94  7:08  Marauder, Marine  
  97  7:11  Marauder  
  97  7:18  Marine x2  
  99  7:25  Marauder, Marine  
  99  7:29  Marine  
  103  7:30  Marauder  
  103  7:35  Marauder  
  103  7:36  Marine  
  103  7:37  Medivac x2  
  108  7:39  Supply Depot  
  108  7:40  Supply Depot, Marine  
  108  7:43  Marine  
  112  7:47  Marauder, Marine  
Show
View Real Time Build Order
Export as new Build Order

DnS Protoss 

Build Orders: Blink Stalkers 

Get SALT Encoding   

  12  0:00  Probe  
  13  0:12  Probe  
  14  0:17  Pylon  
  14  0:24  Probe (Chrono Boost)  
  15  0:36  Gateway, Probe (Chrono Boost)  
  16  0:44  Probe (Chrono Boost)  
  16  0:46  Assimilator  
  17  0:50  Probe  
  18  1:03  Probe  
  19  1:15  Probe  
  20  1:25  Zealot, Gateway  
  20  1:26  Cybernetics Core  
  22  1:33  Probe  
  22  1:39  Pylon  
  23  1:57  Probe  
  24  2:05  Nexus  
  24  2:10  Stalker (Chrono Boost)  
  28  2:23  Probe  
  28  2:24  Stalker (Chrono Boost)  
  29  2:30  Assimilator  
  29  2:36  Stalker  
  31  2:47  Warp Gate  
  31  2:50  Pylon  
  31  3:06  Twilight Council  
  31  3:08  Probe (Chrono Boost)  
  30  3:17  Probe (Chrono Boost)  
  32  3:20  Probe (Chrono Boost)  
  32  3:26  Probe (Chrono Boost)  
  33  3:27  Probe (Chrono Boost)  
  33  3:31  Probe (Chrono Boost)  
  35  3:34  Probe  
  35  3:37  Robotics Facility  
  36  3:42  Blink (Chrono Boost)  
  36  3:43  Probe  
  36  3:46  Probe  
  39  3:55  Probe  
  39  3:59  Probe  
  39  4:01  Gateway  
  39  4:02  Gateway  
  40  4:07  Probe  
  41  4:11  Probe  
  41  4:17  Pylon  
  42  4:19  Probe  
  42  4:20  Warp Prism (Chrono Boost)  
  42  4:23  Probe  
  46  4:30  Pylon  
  46  4:32  Probe  
  46  4:35  Probe, Stalker  
  50  4:39  Stalker  
  50  4:44  Probe  
  53  4:46  Assimilator  
  53  4:47  Probe  
  54  4:54  Observer  
  54  4:56  Probe  
  56  5:03  Stalker x3  
  56  5:04  Stalker  
  64  5:08  Probe  
  65  5:15  Pylon  
  65  5:27  Stalker x2  
  69  5:29  Pylon  
  69  5:33  Observer, Stalker  
  69  5:34  Stalker  
  73  5:40  Probe x2  
  75  5:48  Nexus  
  75  5:50  Pylon  
  75  5:52  Probe  
  76  6:02  Probe  
  75  6:11  Probe  
  75  6:14  Probe  
  75  6:15  Assimilator  
  75  6:16  Robotics Bay  
  75  6:17  Stalker x3  
  83  6:23  Probe  
  80  6:26  Shield Battery  
  80  6:30  Stalker  
  80  6:37  Observer  
  79  6:40  Probe x2  
  79  6:43  Shield Battery  
  81  6:52  Probe x2  
  83  6:54  Stalker x2  
  87  7:02  Probe  
  87  7:03  Colossus (Chrono Boost)  
  87  7:04  Probe  
  95  7:14  Stalker  
  95  7:15  Stalker  
  95  7:18  Shield Battery  
  93  7:23  Probe  
  93  7:24  Probe  
  93  7:27  Observer  
  93  7:29  Probe  
  96  7:31  Stalker x2  
  96  7:35  Probe  
  96  7:36  Probe  
  101  7:44  Stalker x2  
  102  7:45  Shield Battery  
  102  7:46  Pylon  
  104  7:57  Gateway  
  104  7:59  Gateway  
  89  8:07  Stalker x4  
Tags
 
Add a new tag
Caveats
  • Supply blocks, unpowered buildings, or Contaminate may cause inaccurate times.
  • Supply counts are checked every 10 seconds.